 Dungeon Crawl Stone Soup version 0.27.0-1-g7a089689b8 (webtiles) character file.

Game seed: 15841492003159383863

98 Feb132020 the Magician (level 4, -3/34 HPs)
             Began as a Draconian Hedge Wizard on Aug 4, 2021.
             Slain by an orc priest (5 damage)
             ... on level 4 of the Dungeon.
             The game lasted 00:13:57 (3543 turns).

Feb132020 the Magician (Draconian Hedge Wizard)     Turns: 3543, Time: 00:13:57

Health: -3/34      AC:  6    Str: 12    XL:     4   Next: 43%
Magic:  5/10       EV: 12    Int: 16    God:
Gold:   109        SH:  0    Dex: 10    Spells: 10/11 levels left

rFire    . . .     SeeInvis .   j - +1 short sword
rCold    . . .     Faith    .   (no shield)
rNeg     . . .     Spirit   .   (armour unavailable)
rPois    .         Reflect  .   b - +0 hat
rElec    .         Harm     .   (no cloak)
rCorr    .         Rampage  .   (no gloves)
Will     .....                  l - +0 pair of boots
Stlth    ++........             e - amulet of the acrobat
HPRegen  0.11/turn              (no ring)
MPRegen  0.12/turn              (no ring)

@: no status effects
A: AC +5, unfitting armour, cold-blooded
a: no special abilities


You were on level 4 of the Dungeon.
You visited 1 branch of the dungeon, and saw 4 of its levels.

You collected 109 gold pieces.

Inventory:

Hand Weapons
 a - a +0 dagger
 j - a +1 short sword (weapon)
Armour
 b - a +0 hat (worn)
 l - a +0 pair of boots (worn)
Magical Staves
 o - a staff of fire
Jewellery
 e - an amulet of the acrobat (around neck)
Scrolls
 g - 2 scrolls of fog
 k - a scroll of torment
 m - a scroll of magic mapping
Potions
 n - a potion of curing


   Skills:
 + Level 0.4 Fighting
 - Level 1.0 Short Blades
 + Level 2.1 Dodging
 + Level 2.1 Stealth
 + Level 4.0 Spellcasting
 + Level 2.1 Conjurations
 + Level 1.0 Summonings
 + Level 1.0 Translocations


You had 10 spell levels left.
You knew the following spells:

 Your Spells              Type           Power      Damage    Failure   Level
a - Magic Dart            Conj           40%        1d5       7%          1

Your spell library contained the following spells:

 Spells                   Type           Power      Damage    Failure   Level
 Static Discharge         Conj/Air       6%         N/A       16%         2
 Blink                    Tloc           N/A        N/A       17%         2
 Call Imp                 Summ           6%         N/A       17%         2
 Slow                     Hex            3%         N/A       26%         2
 Conjure Flame            Conj/Fire      6%         6-21      32%         3
 Mephitic Cloud           Conj/Pois/Air  5%         N/A       36%         3
 Sticky Flame             Conj/Fire      6%         2d3       71%         4
 Dispel Undead            Necr           3%         3d7       86%         4


Dungeon Overview and Level Annotations

Branches:
Dungeon (4/15)
 Temple: D:4-7

Altars:
Makhleb
Trog

Annotations:
D:3 Ijyb, Natasha, Terence


Innate Abilities, Weirdness & Mutations

Your plain brown scales are hard. (AC +5)
You cannot fit into any form of body armour.
You are cold-blooded and may be slowed by cold attacks.


Message History

Aiming: Magic Dart (safe; 7% risk of failure)
Press: ? - help, Shift-Dir - straight line, f/p - orc
Aim: an orc, wielding a +0 short sword and wearing a +0 leather armour (severely wounded, 100% to hit)
You miscast Magic Dart.
You are very lightly contaminated with residual magic.
Nothing appears to happen.
You hit the orc.
You kill the orc!
An orc priest comes into view. It is wielding a +0 flail.
Items here: )) [ †.
The orc priest completely misses you.
You hit the orc priest.
The orc priest is moderately wounded.
The orc priest invokes the aid of Beogh against you.
Beogh smites you!
You hit the orc priest.
The orc priest is heavily wounded.
The orc priest closely misses you.
You hit the orc priest.
The orc priest is heavily wounded.
The orc priest invokes the aid of Beogh against you.
Beogh smites you!
* * * LOW HITPOINT WARNING * * *
Your magical contamination has completely faded away.
Unknown command.
You closely miss the orc priest.
The orc priest is heavily wounded.
The orc priest barely misses you.
You barely miss the orc priest. You tail-slap the orc priest.
The orc priest is severely wounded.
The orc priest hits you but does no damage.
You barely miss the orc priest.
The orc priest is severely wounded.
The orc priest invokes the aid of Beogh against you.
Beogh smites you!
* * * LOW HITPOINT WARNING * * *
You barely miss the orc priest. You tail-slap the orc priest.
The orc priest is almost dead.
The orc priest hits you with a +0 flail.
You die...

#.. . #.. ### # #..
##.###
###.g########.....
#....oo.......####
##.##.###......##..
#....$.........##.#
#.o##.###....#.##.
#.##.@##....(...#.##.#
#.##.)#######...#.....
#.##..# #...#####.
#.##..#######...#####.
#.##.............o...g
#.##.#####.#########.#
#.#....# #.# #.#
#.#.##.###.# #.#
#..........# #.#


You could see an orc priest.

Vanquished Creatures
  An orc priest (D:4)
  2 dart slugs
  4 orcs
  4 ball pythons
  3 endoplasms
  3 giant cockroaches
  10 hobgoblins
  5 jackals
  4 kobolds
  A quokka (D:4)
  6 bats
  4 frilled lizards
  3 goblins
  6 rats
56 creatures vanquished.

Notes
Turn   | Place    | Note
-------+----------+-------------------------------------------
     0 | D:1      | Feb132020 the Draconian Hedge Wizard began the quest for
                  | the Orb.
     0 | D:1      | Reached XP level 1. HP: 14/14 MP: 4/4
   374 | D:1      | Reached XP level 2. HP: 20/20 MP: 0/6
  1044 | D:1      | Found a faded altar of an unknown god.
  1171 | D:1      | Reached XP level 3. HP: 22/26 MP: 2/8
  2146 | D:2      | Found a burning altar of Makhleb.
  2378 | D:3      | Found a bloodstained altar of Trog.
  2480 | D:3      | Noticed Terence
  3034 | D:3      | Noticed Natasha
  3034 | D:3      | Noticed Ijyb
  3412 | D:4      | Reached skill level 1 in Short Blades
  3412 | D:4      | Reached skill level 4 in Spellcasting
  3412 | D:4      | Reached XP level 4. HP: 26/34 MP: 0/10
  3462 | D:4      | Noticed a sky beast
  3542 | D:4      | HP: 1/34 [orc priest/divine providence (9)]
  3543 | D:4      | Slain by an orc priest

Illustrated notes

Levels and vault maps discovered:
D:1:      sevenhm_arrival_forest_fort_large_1, layout_loops_cross,
          ebering_ecumenical_altar_box
D:2:      layout_basic, basic_altar
D:3:      kennysheep_slugbush, layout_basic, trog_butcher_becter,
          kennysheep_generic_room_13, uniq_natasha, uniq_terence, uniq_ijyb,
          uniq_sigmund
D:4:      layout_loops_ring, st_stairs_2, hangedman_abyss_or_decor_passed

Skill      XL: |  1  2  3 |
---------------+----------+-----
Stealth        | 2 |  2.1
Short Blades   | 1 |  1.0
Dodging        | 2 |  2.1
Spellcasting   | 4 |  4.0
Conjurations   | 2 |  2.1
Fighting       | |  0.4
Summonings     | |  1.0
Translocations | |  1.0

Action                   |  1- 3 |  4- 6 || total
-------------------------+-------+-------++-------
Melee: Dagger            |    34 |       ||    34
       Tailslap          |     4 |     2 ||     6
       Short sword       |    25 |    10 ||    35
 Cast: Magic Dart        |   121 |     6 ||   127
  Use: Scroll            |     9 |       ||     9
 Stab: Sleeping          |     1 |       ||     1
Armor: Skin              |    23 |     1 ||    24
Dodge: Dodged            |    54 |     4 ||    58
